3L
HOUSTON 1837 BBC @ NEW AMSTERDAM DUTCHMEN
09/21/2029
 
TOP OF THE 1ST
Houston 1837 BBC batting - Pitching for New Amsterdam Dutchmen : RHP Lorenzo Fabián
Pitching: RHP Lorenzo Fabián
Batting: LHB Damian Delaney 0-0: SINGLE (Flyball, 89S)
Batting: LHB Scott Kerin 0-0: Ball
1-0: Ball
2-0: Foul Ball, location: 2F
2-1: Fielders Choice at 2nd, 6-4 (Groundball, 6M)
Batting: RHB John Downing 0-0: Called Strike
0-1: Swinging Strike
0-2: Foul Ball, location: 2F
0-2: Ball
1-2: Strikes out swinging
Batting: RHB Bob Dickerson 0-0: Called Strike
0-1: Ball
1-1: Ball
2-1: Swinging Strike
2-2: Strikes out looking
Top of the 1st over - 0 runs, 1 hit, 0 errors, 1 left on base; Houston 0 - New Amsterdam 0
BOTTOM OF THE 1ST
New Amsterdam Dutchmen batting - Pitching for Houston 1837 BBC : LHP Prince Michael Jackson
Pitching: LHP Prince Michael Jackson
Batting: RHB Jon Osterman 0-0: Swinging Strike
0-1: DOUBLE (Flyball, 78D)
Batting: RHB John Burton 0-0: Called Strike
0-1: Swinging Strike
0-2: Ball
1-2: Strikes out swinging
Batting: RHB António Pérez 0-0: Foul Ball, location: 2F
0-1: Swinging Strike
0-2: Strikes out swinging
Batting: RHB Hank Wilder 0-0: Ground out 4-3 (Groundball, 4)
Bottom of the 1st over - 0 runs, 1 hit, 0 errors, 1 left on base; Houston 0 - New Amsterdam 0
TOP OF THE 2ND
Houston 1837 BBC batting - Pitching for New Amsterdam Dutchmen : RHP Lorenzo Fabián
Batting: RHB David Gómez 0-0: SINGLE (Line Drive, 8LS)
Batting: RHB Lytle Creek 0-0: Ball
1-0: Ball
2-0: Called Strike
2-1: Fielders Choice at 2nd, 5-4 (Groundball, 56)
Batting: RHB Uchino Akahito 0-0: Called Strike
0-1: Ball
1-1: Foul Ball, location: 2F
1-2: SINGLE (Groundball, 56D)
Lytle Creek to second
Batting: RHB Scott Robertson 0-0: Ball
1-0: Called Strike
1-1: Foul Ball, location: 2F
1-2: Foul Ball, location: 2F
1-2: Foul Ball, location: 2F
1-2: Fly out, F8 (Flyball, 8RD)
Runner from 2nd tags up, SAFE at 3rd with throw
Batting: RHB Anastasio Hernández 0-0: Called Strike
0-1: Ball
1-1: Ball
2-1: Called Strike
2-2: Fly out, F8 (Flyball, 8RM)
Top of the 2nd over - 0 runs, 2 hits, 0 errors, 2 left on base; Houston 0 - New Amsterdam 0
BOTTOM OF THE 2ND
New Amsterdam Dutchmen batting - Pitching for Houston 1837 BBC : LHP Prince Michael Jackson
Batting: LHB SaQwan Hackett 0-0: Ball
1-0: Called Strike
1-1: Called Strike
1-2: Ball
2-2: SINGLE (Line Drive, 6MD)
Batting: RHB Menno van de Vlugt 0-0: SINGLE (Groundball, 56) (infield hit)
SaQwan Hackett to second
Batting: RHB Pablo Ledesma 0-0: Called Strike
0-1: Foul Ball, location: 2F
0-2: Ball
1-2: Strikes out swinging
Batting: RHB Mario Rivera 0-0: Foul Ball, location: 2F
0-1: Ball
1-1: Ball
2-1: Swinging Strike
2-2: Foul Ball, location: 2F
2-2: Ball
3-2: Foul Ball, location: 2F
3-2: Strikes out swinging
Batting: RHB Omar Schuler 0-0: Foul Ball, location: 2F
0-1: Swinging Strike
0-2: Ball
1-2: Ball
2-2: Ball
3-2: Ground out 5-3 (Groundball, 56)
Bottom of the 2nd over - 0 runs, 2 hits, 0 errors, 2 left on base; Houston 0 - New Amsterdam 0
TOP OF THE 3RD
Houston 1837 BBC batting - Pitching for New Amsterdam Dutchmen : RHP Lorenzo Fabián
Batting: LHB Damian Delaney 0-0: SINGLE (Groundball, 6MD)
Batting: LHB Scott Kerin 0-0: SINGLE (Groundball, 4D)
Damian Delaney to second
Runner from 2nd tries for 3rd, SAFE, throw made to third
Batting: RHB John Downing 0-0: Grounds into double play, 1-6-3 (Groundball, 13)
Batting: RHB Bob Dickerson 0-0: Called Strike
0-1: Called Strike
0-2: Ball
1-2: Ball
2-2: Foul Ball, location: 2F
2-2: Ball
3-2: Fly out, F3 (Popup, 3F)
Top of the 3rd over - 0 runs, 2 hits, 0 errors, 1 left on base; Houston 0 - New Amsterdam 0
BOTTOM OF THE 3RD
New Amsterdam Dutchmen batting - Pitching for Houston 1837 BBC : LHP Prince Michael Jackson
Batting: RHB Jon Osterman 0-0: SINGLE (Groundball, 56D)
Batting: RHB John Burton 0-0: Foul Ball, location: 2F
0-1: Ball
1-1: Ball
2-1: Foul Ball, location: 2F
2-2: Fly out, F9 (Line Drive, 89S)
Batting: RHB António Pérez 0-0: Ball
1-0: Ball
2-0: Fly out, F9 (Flyball, 9LS)
Batting: RHB Hank Wilder 0-0: Ball
1-0: Ball
2-0: Ball
3-0: Called Strike
3-1: Base on Balls
Jon Osterman to second
Batting: LHB SaQwan Hackett 0-0: Called Strike
0-1: Ball
1-1: Foul Ball, location: 2F
1-2: Foul Ball, location: 2F
1-2: Foul Ball, location: 2F
1-2: Fly out, F8 (Flyball, 78M)
Bottom of the 3rd over - 0 runs, 1 hit, 0 errors, 2 left on base; Houston 0 - New Amsterdam 0
TOP OF THE 4TH
Houston 1837 BBC batting - Pitching for New Amsterdam Dutchmen : RHP Lorenzo Fabián
Batting: RHB David Gómez 0-0: Fly out, F5 (Line Drive, 5)
Batting: RHB Lytle Creek 0-0: Called Strike
0-1: Ball
1-1: Foul Ball, location: 2F
1-2: Foul Ball, location: 2F
1-2: Ball
2-2: Foul Ball, location: 2F
2-2: Strikes out looking
Batting: RHB Uchino Akahito 0-0: Swinging Strike
0-1: Ball
1-1: Foul Ball, location: 2F
1-2: Foul Ball, location: 2F
1-2: Ground out 6-3 (Groundball, 6)
Top of the 4th over - 0 runs, 0 hits, 0 errors, 0 left on base; Houston 0 - New Amsterdam 0
BOTTOM OF THE 4TH
New Amsterdam Dutchmen batting - Pitching for Houston 1837 BBC : LHP Prince Michael Jackson
Batting: RHB Menno van de Vlugt 0-0: Called Strike
0-1: SINGLE (Groundball, 56D)
Batting: RHB Pablo Ledesma 0-0: SINGLE (Line Drive, 9LS)
Menno van de Vlugt to second
Batting: RHB Mario Rivera 0-0: Fly out, F6 (Popup, 4M)
Batting: RHB Omar Schuler 0-0: Ball
1-0: Grounds into double play, 4-6-3 (Groundball, 34)
Bottom of the 4th over - 0 runs, 2 hits, 0 errors, 1 left on base; Houston 0 - New Amsterdam 0
TOP OF THE 5TH
Houston 1837 BBC batting - Pitching for New Amsterdam Dutchmen : RHP Lorenzo Fabián
Batting: RHB Scott Robertson 0-0: Called Strike
0-1: Ground out 6-3 (Groundball, 56)
Batting: RHB Anastasio Hernández 0-0: Ball
1-0: Called Strike
1-1: Ball
2-1: Swinging Strike
2-2: Ball
3-2: Base on Balls
Batting: LHB Damian Delaney 0-0: Called Strike
0-1: Swinging Strike
0-2: Ball
Anastasio Hernández steals 2nd base
1-2: Ground out U3 (Groundball, 34S)
Anastasio Hernández to third
Batting: LHB Scott Kerin 0-0: Ball
1-0: Ball
2-0: Ground out 6-3 (Groundball, 6M)
Top of the 5th over - 0 runs, 0 hits, 0 errors, 1 left on base; Houston 0 - New Amsterdam 0
BOTTOM OF THE 5TH
New Amsterdam Dutchmen batting - Pitching for Houston 1837 BBC : LHP Prince Michael Jackson
Batting: RHB Jon Osterman 0-0: Ball
1-0: Ball
2-0: Foul Ball, location: 2F
2-1: SINGLE (Line Drive, 78M)
Batting: RHB John Burton 0-0: Fly out, F8 (Line Drive, 8LS)
Batting: RHB António Pérez 0-0: Called Strike
0-1: Fly out, F8 (Line Drive, 78M)
Batting: RHB Hank Wilder 0-0: Ball
1-0: Ball
2-0: SINGLE (Groundball, 34D)
Jon Osterman to second
Runner from 2nd tries for 3rd, SAFE, no throw
Batting: LHB SaQwan Hackett 0-0: Foul Ball, location: 2F
0-1: Foul Ball, location: 2F
0-2: Ball
1-2: DOUBLE (Line Drive, 9LM)
Jon Osterman scores
Hank Wilder to third
Batting: RHB Menno van de Vlugt 0-0: Ball
1-0: Called Strike
1-1: Ball
2-1: Called Strike
2-2: SINGLE (Line Drive, 8LS)
Hank Wilder scores
SaQwan Hackett to third
Batting: RHB Pablo Ledesma 0-0: SINGLE (Groundball, 4MD)
SaQwan Hackett scores
Menno van de Vlugt to second
Pitching: RHP Ricardo Suárez
Batting: RHB Mario Rivera 0-0: Foul Ball, location: 2F
0-1: Ball
1-1: SINGLE (Line Drive, 34)
Menno van de Vlugt to third
Pablo Ledesma to second
Runner from 3rd tries for Home, throw and OUT!
Bottom of the 5th over - 3 runs, 6 hits, 0 errors, 2 left on base; Houston 0 - New Amsterdam 3
TOP OF THE 6TH
Houston 1837 BBC batting - Pitching for New Amsterdam Dutchmen : RHP Lorenzo Fabián
Batting: RHB John Downing 0-0: Called Strike
0-1: Fly out, F1 (Line Drive, 15)
Batting: RHB Bob Dickerson 0-0: Ball
1-0: Foul Ball, location: 2F
1-1: Foul Ball, location: 2F
1-2: SINGLE (Groundball, 56D)
Batting: RHB David Gómez 0-0: Grounds into double play, 6-4-3 (Groundball, 6)
Top of the 6th over - 0 runs, 1 hit, 0 errors, 0 left on base; Houston 0 - New Amsterdam 3
BOTTOM OF THE 6TH
New Amsterdam Dutchmen batting - Pitching for Houston 1837 BBC : RHP Ricardo Suárez
Batting: RHB Omar Schuler 0-0: Ball
1-0: Called Strike
1-1: Ball
2-1: Swinging Strike
2-2: Ground out 6-3 (Groundball, 6S)
Batting: RHB Jon Osterman 0-0: Ball
1-0: SOLO HOME RUN (Flyball, 7D), Distance : 391 ft
Batting: RHB John Burton 0-0: Ball
1-0: Ball
2-0: Ball
3-0: Base on Balls
Batting: RHB António Pérez 0-0: Ball
1-0: Called Strike
1-1: Ball
2-1: Foul Ball, location: 2F
2-2: Ball
3-2: Grounds into double play, 4-6-3 (Groundball, 4)
Bottom of the 6th over - 1 run, 1 hit, 0 errors, 0 left on base; Houston 0 - New Amsterdam 4
TOP OF THE 7TH
Houston 1837 BBC batting - Pitching for New Amsterdam Dutchmen : RHP Lorenzo Fabián
Batting: RHB Lytle Creek 0-0: Called Strike
0-1: Ball
1-1: Foul Ball, location: 2F
1-2: Ball
2-2: Foul Ball, location: 2F
2-2: Ball
3-2: Foul Ball, location: 2F
3-2: Base on Balls
Batting: RHB Uchino Akahito Balk!
Lytle Creek to second
0-0: Ball
1-0: Ball
2-0: Ball
3-0: Base on Balls
Batting: RHB Scott Robertson 0-0: Fly out, F3 (Popup, 3S)
Batting: RHB Anastasio Hernández 0-0: Ground out 5-3 (Groundball, 56S)
Lytle Creek to third
Uchino Akahito to second
Batting: LHB Damian Delaney 0-0: Called Strike
0-1: Foul Ball, location: 2F
0-2: Ball
1-2: Reached on error, E4 (Groundball, 4)
Lytle Creek scores
Uchino Akahito to third
Pitching: LHP António Hernández
Batting: LHB Scott Kerin 0-0: Ball
1-0: SINGLE (Line Drive, 8RS)
Uchino Akahito scores
Damian Delaney to second
Runner from 2nd tries for 3rd, OUT!
Top of the 7th over - 2 runs, 1 hit, 1 error, 1 left on base; Houston 2 - New Amsterdam 4
BOTTOM OF THE 7TH
New Amsterdam Dutchmen batting - Pitching for Houston 1837 BBC : RHP Ricardo Suárez
Batting: RHB Hank Wilder 0-0: Fly out, F5 (Popup, 5S)
Batting: LHB SaQwan Hackett 0-0: SOLO HOME RUN (Flyball, 7LD), Distance : 366 ft
Pitching: LHP Phil Miles
Batting: RHB Menno van de Vlugt 0-0: Called Strike
0-1: Ball
1-1: Swinging Strike
1-2: Ball
2-2: Ball
3-2: Fly out, F9 (Flyball, 9LS)
Batting: RHB Pablo Ledesma 0-0: Ball
1-0: Ball
2-0: Foul Ball, location: 2F
2-1: Swinging Strike
2-2: Foul Ball, location: 2F
2-2: Strikes out swinging
Bottom of the 7th over - 1 run, 1 hit, 0 errors, 0 left on base; Houston 2 - New Amsterdam 5
TOP OF THE 8TH
Houston 1837 BBC batting - Pitching for New Amsterdam Dutchmen : LHP António Hernández
Now at SS: David Pérez
Batting: RHB John Downing 0-0: Foul Ball, location: 2F
0-1: Ball
1-1: Ball
2-1: Foul Ball, location: 2F
2-2: Ball
3-2: Fly out, F6 (Line Drive, 56)
Batting: RHB Bob Dickerson 0-0: Fly out, F8 (Flyball, 8RS)
Batting: RHB David Gómez 0-0: Ball
1-0: Swinging Strike
1-1: Ground out 3-1 (Groundball, 34)
Top of the 8th over - 0 runs, 0 hits, 0 errors, 0 left on base; Houston 2 - New Amsterdam 5
BOTTOM OF THE 8TH
New Amsterdam Dutchmen batting - Pitching for Houston 1837 BBC : LHP Phil Miles
Batting: RHB Mario Rivera 0-0: Called Strike
0-1: Ball
1-1: Ball
2-1: Ball
3-1: Base on Balls
Batting: RHB Omar Schuler 0-0: Called Strike
0-1: Grounds into double play, 4-6-3 (Groundball, 4)
Batting: RHB Jon Osterman 0-0: Ball
1-0: Ball
2-0: Foul Ball, location: 2F
2-1: SINGLE (Line Drive, 78S)
Batting: RHB John Burton 0-0: Ball
1-0: Called Strike
1-1: Fly out, F8 (Flyball, 8LD)
Bottom of the 8th over - 0 runs, 1 hit, 0 errors, 1 left on base; Houston 2 - New Amsterdam 5
TOP OF THE 9TH
Houston 1837 BBC batting - Pitching for New Amsterdam Dutchmen : LHP António Hernández
Pitching: RHP Glenn Butler
Now in RF: Cornelius Taitt
Batting: RHB Lytle Creek 0-0: Called Strike
0-1: Foul Ball, location: 2F
0-2: Ball
1-2: Ball
2-2: Strikes out swinging
Batting: RHB Uchino Akahito 0-0: Ball
1-0: Called Strike
1-1: Reached on error, E6 (Popup, P)
Batting: RHB Scott Robertson 0-0: Called Strike
0-1: Ball
1-1: Foul Ball, location: 2F
1-2: Foul Ball, location: 2F
1-2: Ball
2-2: Fly out, F8 (Line Drive, 8LD)
Batting: RHB Anastasio Hernández 0-0: Fly out, F6 (Line Drive, 6M)
Top of the 9th over - 0 runs, 0 hits, 1 error, 1 left on base; Houston 2 - New Amsterdam 5
Tuesday, December 19th, 2017 - OOTP Baseball 18.8 Build 76